Map: Temple gelé

Players

Pogo - Winner!

  • Race: Terran Terran
  • League: Diamond

Worming

  • Race: Zerg Zerg
  • League: Diamond

VOD

Have the link to the VOD?

Description

Time

  • Played on: June 17, 2016, 5:07 p.m.
  • Length: 22:02
Show
View Real Time Build Order
Export as new Build Order

Pogo Terran - Winner!

Build Orders: Liberator Opening, Reaper Expand, Bio Mine 

Get SALT Encoding   

  12  0:01  SCV  
  13  0:13  SCV  
  14  0:18  Supply Depot  
  14  0:25  SCV  
  15  0:39  SCV  
  15  0:41  Barracks  
  16  0:43  Refinery  
  16  0:51  SCV  
  17  1:03  SCV  
  18  1:15  SCV  
  19  1:27  Orbital Command  
  19  1:28  Reaper  
  20  1:40  Command Center  
  20  1:53  SCV  
  20  1:54  Supply Depot  
  21  2:00  Refinery, Barracks Reactor  
  21  2:05  SCV  
  22  2:17  SCV  
  22  2:21  Factory  
  23  2:33  SCV  
  24  2:37  Marine  
  24  2:38  Marine  
  26  2:45  SCV  
  27  2:52  Orbital Command  
  27  2:54  Bunker  
  27  2:55  Marine x2  
  27  2:57  SCV  
  30  3:07  Starport  
  30  3:10  SCV  
  30  3:11  Factory Reactor  
  31  3:13  Marine x2  
  31  3:18  SCV  
  34  3:22  SCV  
  35  3:30  SCV  
  35  3:31  Marine x2  
  35  3:33  Supply Depot  
  35  3:34  SCV  
  39  3:44  Liberator  
  35  4:09  Hellion  
  38  4:10  Hellion  
  38  4:17  Command Center  
  38  4:20  SCV  
  43  4:31  Barracks Tech Lab, Hellion x2  
  43  4:33  SCV  
  44  4:56  SCV  
  44  4:58  SCV  
  46  5:04  Hellion x2  
  50  5:11  SCV  
  50  5:12  SCV  
  50  5:13  Supply Depot  
  52  5:26  Supply Depot  
  52  5:28  Banshee  
  55  5:29  Orbital Command, Armory  
  55  5:31  Supply Depot  
  55  5:33  Hellion  
  55  5:35  SCV  
  58  5:37  SCV  
  59  5:47  SCV  
  59  5:49  SCV  
  61  5:51  Barracks Tech Lab  
  61  5:59  SCV  
  61  6:01  Hellion x2  
  66  6:10  SCV  
  67  6:13  SCV  
  67  6:14  Engineering Bay, Stimpack  
  67  6:15  Engineering Bay, SCV  
  67  6:17  Banshee  
  72  6:23  Hellion  
  74  6:30  SCV x2  
  76  6:34  Hellion  
  76  6:35  Orbital Command  
  78  6:42  SCV x2  
  78  6:43  Terran Infantry Weapons Level 1, Terran Infantry Armor Level 1  
  78  6:44  Hellion  
  77  7:03  Hellion, Banshee  
  77  7:06  Hellion  
  82  7:11  SCV  
  81  7:19  Barracks  
  81  7:21  Barracks  
  81  7:22  Barracks x3  
  81  7:28  SCV  
  82  7:33  Hellion x3  
  81  7:46  Banshee  
  58  7:58  Marine  
  58  8:02  Bunker  
  58  8:03  Terran Vehicle Weapons Level 1, Bunker x2  
  59  8:07  SCV  
  60  8:15  Marine x6  
  60  8:16  Combat Shields, Marine  
  67  8:25  SCV  
  63  8:27  Refinery  
  63  8:28  Refinery, SCV  
  63  8:33  Marine x5  
  69  8:34  Marine  
  69  8:36  Marine  
  69  8:40  Barracks  
  69  8:41  Terran Infantry Weapons Level 2  
  71  8:42  Barracks, SCV  
  71  8:45  Refinery  
  71  8:46  Refinery  
  71  8:47  SCV  
  73  8:50  Marine  
  73  8:51  Marine x4  
  73  8:52  Marine  
  73  8:55  Medivac  
  81  8:56  SCV  
  81  8:57  SCV  
  81  8:59  SCV  
  76  9:17  Siege Tank  
  76  9:19  Medivac  
  76  9:20  Barracks Reactor  
  76  9:21  Barracks Reactor  
  81  9:29  Bunker  
  81  9:34  Barracks Reactor  
  81  9:35  Barracks Reactor  
  81  9:36  Barracks Reactor x2  
  81  9:38  Marauder  
  83  9:47  Missile Turret  
  83  9:52  Missile Turret  
  83  9:55  Marine  
  81  10:06  SCV x2  
  79  10:11  Siege Tank  
  79  10:13  Medivac x2  
  79  10:14  Marine x8  
  86  10:18  Supply Depot  
  86  10:19  Supply Depot  
  86  10:20  Terran Infantry Armor Level 2, Missile Turret  
  86  10:21  Supply Depot  
  93  10:22  Terran Vehicle Weapons Level 2  
  93  10:27  Sensor Tower  
  93  10:40  SCV, Marine x7  
  93  10:41  SCV x2, Marine x4  
  107  10:43  Siege Tank  
  107  10:50  Marine x2  
  95  11:05  Marine  
  95  11:07  SCV  
  95  11:08  SCV  
  94  11:12  SCV  
  94  11:13  Terran Infantry Weapons Level 3  
  94  11:15  Liberator x2  
  95  11:19  SCV  
  95  11:20  SCV  
  95  11:23  Factory  
  95  11:24  SCV  
  95  11:25  Supply Depot  
  98  11:26  Factory  
  98  11:28  Supply Depot  
  98  11:31  SCV  
  105  11:33  SCV  
  105  11:34  Marine x3  
  105  11:35  Marine x8  
  117  11:47  Supply Depot, SCV x3  
  120  11:54  Siege Tank  
  120  11:59  SCV x2  
  120  12:00  SCV  
  126  12:08  Drilling Claws  
  126  12:11  SCV  
  126  12:13  Widow Mine x2  
  131  12:23  SCV  
  131  12:25  Command Center  
  131  12:26  Widow Mine  
  131  12:27  Bunker  
  134  12:41  Widow Mine  
  136  12:45  Terran Infantry Armor Level 3  
  136  12:47  Terran Vehicle Weapons Level 3  
  136  12:49  Supply Depot  
  136  12:50  Supply Depot, SCV  
  137  12:54  Widow Mine x2  
  141  13:00  Sensor Tower  
  141  13:10  Widow Mine  
  141  13:11  Medivac x2, SCV  
  148  13:16  Supply Depot  
  148  13:17  Supply Depot  
  148  13:18  Supply Depot  
  148  13:23  Widow Mine x2  
  148  13:25  SCV x2  
  154  13:30  Supply Depot  
  154  13:33  Supply Depot  
  154  13:39  Widow Mine  
  156  13:51  Widow Mine x2  
  160  14:13  Missile Turret x2  
  160  14:15  Missile Turret  
  148  14:35  Liberator  
  148  14:36  Liberator  
  142  14:51  Marine x11  
  142  14:52  Marine x4  
  136  15:03  Planetary Fortress  
  135  15:09  Marine x2  
  135  15:14  Factory Tech Lab x2  
  135  15:17  SCV  
  135  15:18  Liberator, SCV  
  135  15:19  SCV  
  137  15:36  Siege Tank x3  
  144  15:44  Marine x4  
  144  15:48  Liberator  
  145  16:06  SCV  
  145  16:08  Siege Tank x2, SCV  
  145  16:09  Refinery  
  145  16:10  Refinery  
  156  16:18  Terran Ship Weapons Level 1  
  156  16:24  Sensor Tower  
  156  16:32  Medivac  
  154  16:34  SCV  
  155  16:48  Medivac  
  157  17:04  Sensor Tower  
  144  17:20  Siege Tank x2  
  138  17:23  Siege Tank  
  138  17:24  Medivac  
  138  17:29  Medivac  
  145  17:33  Command Center  
  145  17:45  Marine x2  
  145  17:46  Marine x13  
  160  17:52  Siege Tank x2  
  160  17:54  Medivac  
  168  18:03  Marine x2  
  170  18:06  Siege Tank  
  166  18:19  Marine  
  119  18:20  Marine x12  
  119  18:21  Marine x2  
  119  18:24  Siege Tank x2  
  135  18:37  Marine  
  135  18:38  Siege Tank  
  135  18:39  SCV  
  140  18:45  Medivac x2  
  144  18:56  Siege Tank  
  144  19:01  Siege Tank  
  150  19:15  Medivac x2  
  141  19:51  Planetary Fortress  
  140  20:10  Refinery  
  140  20:11  Refinery, Siege Tank x2  
  140  20:12  Siege Tank  
  135  20:43  Siege Tank  
  135  20:44  Siege Tank  
  135  20:45  Command Center  
  135  20:47  Command Center  
  136  20:51  Liberator x2  
  136  20:54  Marine x8  
  123  21:34  Marine x10  
  127  21:47  SCV  
Show
View Real Time Build Order
Export as new Build Order

Worming Zerg 

Build Orders: Hatch First, Muta Ling Bane 

Get SALT Encoding   

  12  0:02  Drone  
  13  0:14  Overlord  
  13  0:17  Drone  
  14  0:32  Drone x2  
  16  0:36  Drone  
  17  0:53  Hatchery  
  17  0:56  Drone  
  17  0:59  Drone  
  17  1:03  Extractor  
  17  1:17  Spawning Pool  
  16  1:19  Drone  
  16  1:21  Drone  
  18  1:29  Drone  
  19  1:40  Overlord  
  19  2:04  Queen, Zergling x4  
  19  2:05  Metabolic Boost  
  19  2:07  Queen  
  25  2:10  Drone  
  26  2:18  Drone x2  
  28  2:41  Overlord  
  28  2:44  Drone x3  
  31  2:49  Overlord  
  31  2:50  Zergling x2  
  32  3:00  Zergling x2  
  32  3:01  Zergling x2  
  34  3:08  Zergling x2  
  35  3:18  Zergling x6  
  35  3:19  Zergling x2  
  39  3:21  Drone x3  
  42  3:28  Drone, Evolution Chamber  
  42  3:34  Hatchery  
  33  3:59  Zerg Melee Weapons Level 1  
  27  4:09  Drone x11  
  38  4:14  Evolution Chamber  
  37  4:17  Baneling Nest, Lair  
  37  4:23  Zergling x2  
  37  4:31  Drone x4  
  37  4:36  Extractor  
  40  4:45  Spore Crawler  
  39  4:46  Spore Crawler  
  39  4:48  Drone  
  39  4:50  Queen  
  41  4:54  Queen  
  43  5:00  Spore Crawler  
  43  5:02  Zerg Ground Armor Level 1  
  42  5:19  Zergling x18  
  42  5:20  Overlord  
  51  5:38  Overlord x2  
  51  5:39  Centrifical Hooks  
  51  5:44  Drone x5  
  54  6:15  Drone x8  
  62  6:19  Extractor  
  62  6:21  Spire, Extractor  
  59  6:26  Zergling x2  
  59  6:27  Zergling x10  
  59  6:28  Zerg Melee Weapons Level 2  
  65  6:36  Baneling  
  65  6:37  Baneling  
  65  6:41  Zergling x12  
  57  6:57  Queen x2  
  53  7:03  Baneling x5  
  53  7:13  Zergling x12  
  59  7:20  Baneling x5  
  59  7:26  Zergling x2  
  59  7:27  Zergling x2  
  58  7:42  Zergling x4  
  58  7:44  Hatchery  
  50  7:56  Drone x3  
  52  8:07  Zergling x14  
  52  8:10  Zerg Flyer Weapons Level 1  
  57  8:20  Hatchery  
  56  8:28  Drone x4  
  56  8:29  Queen x2  
  56  8:34  Baneling x4  
  64  8:36  Mutalisk x2  
  64  8:38  Overlord x2  
  64  8:39  Overseer  
  68  8:48  Zerg Ground Armor Level 2  
  68  8:56  Mutalisk  
  68  8:57  Mutalisk x2  
  69  9:14  Zergling x8  
  69  9:25  Drone x8  
  69  9:26  Drone x2  
  79  9:32  Infestation Pit  
  79  9:34  Overlord x2  
  76  10:00  Zergling x8  
  76  10:01  Zergling x4  
  80  10:13  Overlord  
  80  10:14  Zergling x14  
  80  10:15  Zergling x2  
  80  10:17  Extractor  
  80  10:19  Drone x3, Extractor  
  80  10:20  Drone x3  
  92  10:22  Baneling x8  
  92  10:29  Drone x3  
  92  10:30  Extractor  
  92  10:31  Hive, Pathogen Glands  
  92  10:35  Zergling x2  
  80  11:13  Infestor x2  
  80  11:14  Infestor x3  
  80  11:18  Zergling x18  
  91  11:19  Zergling x8  
  91  11:23  Drone  
  104  11:34  Spore Crawler  
  104  11:35  Spine Crawler  
  104  11:37  Baneling x6  
  104  11:38  Baneling x4  
  102  11:54  Zergling x18  
  102  11:55  Zergling x16  
  102  11:56  Overlord  
  102  11:57  Overlord x2  
  119  12:04  Ultralisk Cavern  
  118  12:17  Hatchery  
  117  12:23  Zerg Ground Armor Level 3, Zerg Melee Weapons Level 3  
  117  12:24  Adrenal Glands  
  117  12:26  Infestor  
  119  12:36  Overlord x2  
  117  12:53  Burrow, Chitinous Plating  
  117  12:56  Zerg Flyer Weapons Level 2  
  113  13:09  Overseer  
  113  13:10  Overseer x2  
  113  13:11  Overlord  
  113  13:12  Overlord x2  
  113  13:17  Drone x5  
  113  13:18  Drone, Extractor  
  113  13:19  Drone x2  
  120  13:28  Overlord  
  120  13:29  Overlord, Infestor x3  
  126  13:39  Pneumatized Carapace  
  126  13:50  Ultralisk  
  132  14:02  Overseer  
  132  14:05  Baneling  
  132  14:06  Baneling x5  
  132  14:07  Spine Crawler  
  132  14:09  Extractor  
  135  14:10  Extractor  
  116  14:42  Ultralisk x6  
  126  14:52  Zergling x6  
  115  14:53  Zergling x8  
  117  15:10  Ultralisk  
  122  15:20  Zergling x4  
  118  15:39  Mutalisk  
  118  15:40  Mutalisk x4  
  116  16:02  Drone x5  
  121  16:16  Hatchery  
  116  16:18  Overseer x2  
  116  16:34  Ultralisk  
  116  16:35  Ultralisk  
  127  16:55  Greater Spire, Hatchery  
  127  16:58  Baneling x2  
  114  17:22  Infestor x3  
  102  17:23  Corruptor  
  102  17:24  Corruptor x3  
  102  17:25  Zergling x2  
  111  17:46  Overseer  
  111  17:47  Overseer  
  107  17:57  Drone x2  
  107  17:58  Drone x7  
  113  18:01  Zergling x2  
  93  18:41  Corruptor x4, Swarm Host  
  77  18:42  Swarm Host x2  
  77  18:43  Ultralisk  
  77  18:45  Zergling x10  
  103  18:58  Spine Crawler  
  102  19:08  Ultralisk  
  108  19:26  Zergling x22  
  108  19:30  Extractor  
  118  19:31  Extractor  
  81  19:47  Baneling x10  
  81  19:48  Zergling x4  
  81  19:49  Zergling x16  
  81  19:52  Ultralisk  
  97  19:57  Corruptor  
  92  20:26  Brood Lord  
  94  20:28  Zergling x2  
  94  20:29  Zergling x14  
  96  20:37  Zergling x2  
  96  20:38  Zergling x6  
  75  21:07  Zergling x24  
  81  21:22  Hatchery  
  74  21:29  Zergling x12  
  68  21:33  Corruptor  
  69  21:45  Hatchery  
Tags
 
Add a new tag
Caveats
  • Supply blocks, unpowered buildings, or Contaminate may cause inaccurate times.
  • Supply counts are checked every 10 seconds.